Cogmind - Beta 13 @@@ ROGUE MODE // 2024.05.28 @ 19:08:00 Player: Cat Result: Destroyed self with Grenade Launcher Performance ------------- Evolutions (0) 0 Regions Visited (3) 600 Robots Destroyed (22) 110 Value Destroyed (438) 438 Prototype IDs (0) 0 Alien Tech Used (0) 0 Bonus (-44) -44 TOTAL SCORE: 1104 Bonus ------- Follower Combat Kills 90 Friendly Fire -134 Cogmind --------- Core Integrity 0/250 Matter 165/300 Energy 96/100 System Corruption 0% Temperature Cool (0) Movement Core (150) Ox2 Location -10/Subcaves Parts ------- > --- POWER (1) -------- (None) > --- PROPULSION (2) --- (None) > --- UTILITY (2) ------ Small Storage Unit Structural Scanner > --- WEAPON (2) ------- Grenade Launcher > --- INVENTORY (8) ---- Subdweller Power Source Improved Heat Sink EM Pulse Gun Beam Rifle Beam Rifle Light Cannon Peak State ------------ > --- POWER ------------ Ion Engine > --- PROPULSION ------- Light Treads Light Treads > --- UTILITY ---------- Small Storage Unit Structural Scanner > --- WEAPON ----------- Rocket Launcher Subdweller Shrapnel Launcher > --- INVENTORY -------- Light Ion Engine Improved Heat Sink EM Pulse Gun Beam Rifle Beam Rifle Light Cannon Grenade Launcher Flamer [Rating: 10] Favorites ----------- Power Ion Engine Engine Ion Engine Propulsion Light Treads Treads Light Treads Utility Small Storage Unit Device Structural Scanner Storage Small Storage Unit Weapon Light Cannon Energy Gun EM Pulse Gun Ballistic Cannon Light Cannon Launcher Grenade Launcher Special Weapon Flamer Build | -11 -10 -10 -10 ------- Run | Yrd Mat Min Sub Slots Evolved . | . . . . Power . | . . . . Propulsion . | . . . . Utility . | . . . . Weapon . | . . . . Parts Attached 13 | 6 3 . 4 Power 1 | 1 . . . Engine 1 | 1 . . . Core . | . . . . Reactor . | . . . . Propulsion 2 | 2 . . . Treads 2 | 2 . . . Leg . | . . . . Wheel . | . . . . Hover . | . . . . Flight . | . . . . Utility 2 | 1 1 . . Device 1 | . 1 . . Storage 1 | 1 . . . Processor . | . . . . Hackware . | . . . . Protection . | . . . . Artifact . | . . . . Weapon 8 | 2 2 . 4 Energy Gun 2 | 2 . . . Energy Cannon . | . . . . Ballistic Gun . | . . . . Ballistic Cannon 1 | . 1 . . Launcher 4 | . 1 . 3 Special Weapon 1 | . . . 1 Impact Weapon . | . . . . Slashing Weapon . | . . . . Piercing Weapon . | . . . . Special Melee Weapon . | . . . . Unidentified Prototypes . | . . . . Parts Lost 6 | . . . 6 Power 1 | . . . 1 Propulsion 2 | . . . 2 Utility . | . . . . Weapon 3 | . . . 3 Highest Loss Streak 6 | . . . 6 To Critical Strikes . | . . . . Average Slot Usage (%) 98 | . 97 100 99 Engine 14 | . 14 14 14 Treads 27 | . 28 28 27 Device 13 | . 11 14 14 Storage 14 | . 14 14 14 Energy Gun 1 | . 3 . . Ballistic Cannon 8 | . 10 14 3 Launcher 18 | . 14 14 24 Naked Turns . | . . . . Heaviest Build 23 | 13 17 17 23 Greatest Support 40 | 40 40 40 40 Greatest Overweight (x) 2 | 2 . . 1 Average Overweight (x) . | . . . . Largest Inventory Capacity 8 | 8 8 8 8 Average Capacity 7 | 6 8 8 8 Most Carried 8 | 2 4 7 8 Average Carried 5 | . 3 5 7 Final Capacity 8 | 8 8 8 8 Final Carried 7 | 1 4 7 6 Class Distribution -------------------- 100% | Mutant Dominant Class ---------------- Mutant | -10/Materials Mutant | -10/Mines Mutant | -10/Subcaves Resources | -11 -10 -10 -10 ----------- Run | Yrd Mat Min Sub Matter Collected 619 | 187 137 10 285 Remotely . | . . . . Salvage Created 378 | . 176 61 141 Parts 28 | . 18 4 6 Haulers Intercepted . | . . . . Recyclers Shooed . | . . . . Parts Field Recycled . | . . . . Retrieved Matter . | . . . . Parts Self-Destructed 8 | . . . 8 Prevented . | . . . . Kills | -11 -10 -10 -10 ------- Run | Yrd Mat Min Sub Combat Hostiles Destroyed 13 | . 6 2 5 Cannons 4 | . 3 . 1 AOE 9 | . 3 2 4 Classes Destroyed 8 | . 7 . 1 Worker 4 | . 4 . . Tunneler 1 | . 1 . . Recycler 1 | . 1 . . Operator 1 | . 1 . . Watcher 1 | . 1 . . Swarmer 5 | . 4 . 1 Grunt 5 | . 2 2 1 Subdweller 4 | . . . 4 Best Kill Streak 6 | . 6 2 2 Combat Bots Only 2 | . 2 2 2 Max Kills in Single Turn 2 | . 2 1 1 Gunslinging . | . . . . Exploded 1 | . 1 1 1 Melee . | . . . . Uniques/NPCs Destroyed . | . . . . Combat | -11 -10 -10 -10 -------- Run | Yrd Mat Min Sub Hostile Shots Fired 56 | . 18 3 35 Missed 17 | . 4 1 12 Damage Taken 1049 | . 210 36 803 Core 253 | . 7 . 246 Absorbed by Shields . | . . . . Core Remaining (%) 100 | 100 . . . Volleys Fired 30 | . 17 2 11 Largest 2 | . 2 2 2 Hottest 130 | . 65 65 130 Shots Fired 55 | . 30 4 21 Gun . | . . . . Cannon 22 | . 17 2 3 Launcher 31 | . 13 2 16 Special 2 | . . . 2 Kinetic 27 | . 17 2 8 Thermal 2 | . . . 2 Explosive 26 | . 13 2 11 Electromagnetic . | . . . . Robot Hit Streak 9 | . 7 6 9 Robot Miss Streak 3 | . 3 . 1 Penetration Max . | . . . . Secondary Targets . | . . . . Shots Hit Robots 34 | . 15 4 15 Core Hits 32 | . 17 4 11 Critical Kills . | . . . . Critical Parts Destroyed . | . . . . Critical Strikes 1 | . . . 1 Blast 1 | . . . 1 Melee Attacks . | . . . . Impact . | . . . . Slashing . | . . . . Piercing . | . . . . Sneak Attacks . | . . . . Combat Hostiles . | . . . . Follow-up Attacks . | . . . . Damage Inflicted 1921 | . 822 129 970 Guns . | . . . . Cannons 232 | . 164 32 36 Explosions 1676 | . 655 97 924 Melee . | . . . . Ramming 3 | . 3 . . Kinetic 426 | . 164 32 230 Thermal 109 | . 99 . 10 Explosive 1383 | . 556 97 730 Electromagnetic . | . . . . Impact . | . . . . Slashing . | . . . . Piercing . | . . . . Highest Corruption . | . . . . Average Corruption . | . . . . Corruption Purged . | . . . . Corruption Blocked . | . . . . Overload Shots . | . . . . Overflow Damage 73 | . 73 . . Projectiles . | . . . . Explosions 73 | . 73 . . Melee . | . . . . Knockbacks 4 | . 3 . 1 Impact 1 | . 1 . . Kinetic 3 | . 2 . 1 Secondary . | . . . . Self-Inflicted Damage 206 | . 75 . 131 Shots 8 | . 3 . 5 Rammed 1 | . 1 . . Targets Rammed 1 | . 1 . . Kicked . | . . . . Crushed . | . . . . Highest Temperature 270 | . 51 24 270 Average Temperature 30 | . 13 16 94 Received Heat Transfer 534 | . 36 18 480 Siege Activations . | . . . . Robots Corrupted . | . . . . Combat Hostiles . | . . . . Parts Fried . | . . . . Impact Corruptions . | . . . . Robots Melted . | . . . . Combat Hostiles . | . . . . Parts Melted 1 | . . . 1 Heat Transferred 130 | . 50 . 80 Parts Sabotaged . | . . . . Parts Stolen . | . . . . Parts Stripped . | . . . . Power Chain Reactions . | . . . . Alert | -11 -10 -10 -10 ------- Run | Yrd Mat Min Sub Peak Influence 285 | . 285 91 . Initial 14 | . . 14 . Average 68 | . 103 32 . Maximum Alert Level 1 | . 1 . . Low Security (%) 94 | 100 89 100 . Level 1 5 | . 10 . . Level 2 . | . . . . Level 3 . | . . . . Level 4 . | . . . . Level 5 . | . . . . High Security . | . . . . Max Security . | . . . . Squads Dispatched 1 | . 1 . . Investigation . | . . . . Extermination . | . . . . Reinforcement 1 | . 1 . . Assault . | . . . . Garrison . | . . . . Intercept . | . . . . Searches Triggered . | . . . . Construction Impeded . | . . . . Haulers Reinforced . | . . . . Active Scanning Responses . | . . . . Cargo Convoy Interrupts . | . . . . Stealth | -11 -10 -10 -10 --------- Run | Yrd Mat Min Sub Distress Signals 1 | . 1 . . Communications Jammed . | . . . . Distress Signals . | . . . . Times Spotted 30 | . 15 2 13 Peak Tracking Total 4 | . 4 2 4 Tactical Retreats 1 | . 1 . . Traps | -11 -10 -10 -10 ------- Run | Yrd Mat Min Sub Traps Triggered 2 | . . . 2 Indirectly . | . . . . Trap Hack Attempts . | . . . . Triggered . | . . . . Disarmed . | . . . . Reprogrammed . | . . . . Reused . | . . . . Traps Extracted . | . . . . Installed . | . . . . Triggered . | . . . . Machines | -11 -10 -10 -10 ---------- Run | Yrd Mat Min Sub Machines Disabled 3 | . 3 . . Max in Single Turn 2 | . 2 . . Machines Repaired . | . . . . Machines Dismantled . | . . . . Machines Sabotaged . | . . . . Overloaded Fab Kills . | . . . . Hacking | -11 -10 -10 -10 --------- Run | Yrd Mat Min Sub Machines Accessed 1 | . 1 . . Terminals 1 | . 1 . . Fabricators . | . . . . Repair Stations . | . . . . Recycling Units . | . . . . Scanalyzers . | . . . . Garrison Access . | . . . . Total Hacks 2 | . 2 . . Successful 1 | . 1 . . Failed 1 | . 1 . . Catastrophic . | . . . . Database Lockouts . | . . . . Manual . | . . . . Terminals 2 | . 2 . . Fabricators . | . . . . Repair Stations . | . . . . Recycling Units . | . . . . Scanalyzers . | . . . . Garrison Access . | . . . . Terminal Hacks 1 | . 1 . . Branch Access Points 1 | . 1 . . Fabricator Hacks . | . . . . Repair Station Hacks . | . . . . Recycling Unit Hacks . | . . . . Scanalyzer . | . . . . Garrison Access Hacks . | . . . . Unauthorized Hacks . | . . . . Terminals . | . . . . Fabricators . | . . . . Repair Stations . | . . . . Recycling Units . | . . . . Scanalyzers . | . . . . Garrison Access . | . . . . Data Cores Recovered 1 | . 1 . . Used 1 | . 1 . . Hacking Detections 1 | . 1 . . Full Trace Events . | . . . . Feedback Events . | . . . . Feedback Blocked . | . . . . Robot Schematics Acquired . | . . . . Robots Built . | . . . . Authchips . | . . . . Time . | . . . . Total Robot Build Rating . | . . . . Part Schematics Acquired . | . . . . Parts Built . | . . . . Authchips . | . . . . Time . | . . . . Total Part Build Rating . | . . . . Parts Repaired . | . . . . Time . | . . . . Parts Recycled . | . . . . Recycled Matter . | . . . . Retrieved Matter . | . . . . Retrieved Components . | . . . . Parts Scanalyzed . | . . . . Part Schematics Acquired . | . . . . Parts Damaged . | . . . . Bothacking | -11 -10 -10 -10 ------------ Run | Yrd Mat Min Sub Used RIF Installer . | . . . . Robots Hacked . | . . . . Non-combat . | . . . . Combat . | . . . . Robot Hacks Applied . | . . . . Relay Couplers Released . | . . . . Fabnet Peak Effective % . | . . . . Robots Rewired . | . . . . Allies Hacked . | . . . . Hacks Repelled . | . . . . Allies | -11 -10 -10 -10 -------- Run | Yrd Mat Min Sub Total Allies 3 | . . 3 . Largest Group 3 | . . 3 3 Highest-Rated Group 40 | . . 40 40 Highest-Rated Ally 16 | . . 16 16 Total Orders 7 | . . 1 6 FOLLOW 4 | . . 1 3 GUARD 3 | . . . 3 Ally Attacks 14 | . . . 14 Total Damage 177 | . . . 177 Kills 3 | . . . 3 Allies Corrupted . | . . . . Allies Melted . | . . . . Intel | -11 -10 -10 -10 ------- Run | Yrd Mat Min Sub Robot Analysis Total . | . . . . Derelict Logs Recovered 2 | . . 1 1 Drone Launches . | . . . . Drone Recoveries . | . . . . Exploration | -11 -10 -10 -10 ------------- Run | Yrd Mat Min Sub Turns Passed 2604 | 69 835 675 1025 Spaces Moved 1543 | 40 481 417 605 Core 11 | 11 . . . Treads 1532 | 29 481 417 605 Legs . | . . . . Wheels . | . . . . Hover . | . . . . Flight . | . . . . Fastest Speed 50 | 50 160 160 160 Average Speed 159 | 142 160 160 160 Slowest Speed 240 | 160 160 160 240 Overloaded Moves . | . . . . Propulsion Burnouts . | . . . . Robots Hopped . | . . . . Cave-ins Triggered . | . . . . Exploration Rate (%) 45 | 5 66 83 26 Regions Visited 3 Branch Regions 2 Pre-discovered Areas 2 | . . 2 . Known Exits Taken 1 | . 1 . . Unknown Exits Taken 2 | 1 . 1 . Scrap Searched 3 | . . . 3 Spaces Dug . | . . . . Terrain Destroyed 236 | . 88 14 134 Melee . | . . . . Projectile . | . . . . AOE 236 | . 88 14 134 Terrain Rammed . | . . . . Walls Destroyed . | . . . . Machines Disabled . | . . . . Actions | -11 -10 -10 -10 --------- Run | Yrd Mat Min Sub Total 1630 | 52 516 421 641 Wait 15 | . 7 . 8 Move 1540 | 39 480 416 605 Hop . | . . . . Pick Up 23 | 7 6 3 7 Fast Attach . | . . . . Attach 9 | 6 1 . 2 Detach . | . . . . Swap 4 | . 2 . 2 Drop 8 | . 2 . 6 Fire 30 | . 17 2 11 Melee . | . . . . Ram . | . . . . Kick . | . . . . Crush 1 | . 1 . . Escape Stasis . | . . . . Rewire . | . . . . Trap . | . . . . Miscellaneous . | . . . . Route ------- -11/Scrapyard -10/Materials (discovered 3 exits: [*Mat] / *Min x2) -10/Mines (discovered 2 exits: [*Mat] / [*Sub]) -10/Subcaves History --------- Turn | Location | Event 16 | -11/Scrapyard | Discovered new exit (range 16) 70 | -11/Scrapyard | Entered Materials 286 | -10/Materials | Discovered new exit (range 12) 301 | -10/Materials | Build established: Mutant 527 | -10/Materials | Discovered new exit (range 9) 854 | -10/Materials | Discovered new exit (range 14) 875 | -10/Materials | Identified exit to Mines 905 | -10/Materials | Entered Mines 906 | -10/Mines | Learned location of Storage (-8) 1085 | -10/Mines | Learned location of Recycling (-8) 1259 | -10/Mines | YI-UF0 nonchalantly dropped a Grenade Launcher on the ground 1305 | -10/Mines | Discovered new exit (range 4) 1335 | -10/Mines | Received a Rocket Launcher from a helpful Derelict 1364 | -10/Mines | Assisted by bots powering up and referring to "LRC-V3" 1406 | -10/Mines | Discovered new exit (range 12) 1580 | -10/Mines | Entered Subcaves 1580 | -10/Subcaves | Accompanied by 3 allies 1596 | -10/Subcaves | Learned location of 1 exit from Materials 1640 | -10/Subcaves | Lost 3 allies 1813 | -10/Subcaves | Shifting Twisted Machinery released Sub. Beam Cannon 1871 | -10/Subcaves | Shifting Twisted Machinery released Sub. Laser 2284 | -10/Subcaves | Shifting Twisted Machinery released Sub. Machine Gun 2570 | -10/Subcaves | A Subdweller sparked back to life 2570 | -10/Subcaves | A Subdweller sparked back to life 2570 | -10/Subcaves | A Subdweller sparked back to life 2599 | -10/Subcaves | Core integrity fell below 50% 2600 | -10/Subcaves | Core integrity fell below 20% 2605 | -10/Subcaves | Destroyed self with Grenade Launcher Last Messages --------------- destroying it. Subatomizers dissect the Grenade Launcher. Acquired 1 matter. Acquired 25 matter. Subatomizers dissect the Grenade Launcher. Subatomizers dissect the Sub. Laser. KH-CF4(R) creaks and sparks as it begins to move. HN-PGO(R) creaks and sparks as it begins to move. OB-JCU(R) creaks and sparks as it begins to move. Lgt. Treads destroyed. Sub. Shrapnel Launcher destroyed. Rocket Launcher destroyed. Critical hit (Meltdown: +300). Ion Engine destroyed. HN-PGO(R) destroyed. Lgt. Treads destroyed. Flamer destroyed. Map ----- +----------------------------------------------------+ | ?????????????????????????????????????????????????? | | ?????????????????????????????????????????????????? | | ?????????????????????????????????????????????????? | | ?????????????????????????????????????????????????? | | ?????????????????????????????????????????????????? | | ?????????????????????????????????????????????????? | | ?????????????????????????????????????????????????? | | ?????????????????????????????????????????????????? | | ???????????????????????#########?????????????????? | | ???????????????????????#########?????????????????? | | ????????#####?????????### < " ##?????????????????? | | #??????#######???????#### < "#????????#######??? | | ########## ####??????### ####??????########?? | | ######### ########### < #####????? ####? | | #### ########## # ####?????? ###? | | ### ## #"#""< < ###?????# ##? | | """" ##????### ###? | | ### """" ######### ###?? | | ### ## """" ######### ###?? | | #### ## ## ## ## # ##### | | ##### ##### ### # #### | | ###########" ## ! ## # ### ### # | | ###?######## ## %R ## ########### # | | ###?????###" ############### | | ######?????###"" R #####???????### | | ######????####"" @ ####??????????### # # | | ##???####?### "##### #; ###????????????###* ## | | ??#######?## " #### #####?????????????#### | | ###### ######[" #####??????????????#### # | | ### #####""" ####??????????????????###### | | # ##### ## ######?????????????????### # | | ##### ############?????????????????## | | ### # " ### ##?????????????????## ## | | #### # ###????????????????##### | | ####### # ## ##????????????????# #### | | #### ## # #???????????????????### | | ### # # ##??????????????????????? | | #### "#######??????????????????????? | | ### # #"# ######??????????????????????? | | ### ### # ###??????????????????????????? | | ### ## # ###??????????????????????????? | | ### #### #######???????????????????????????? | | ## ###########???????????????????????????? | | ######????????????????????????????????? | | ##????????????????????????????????????? | | ##????????????????????????????????????? | | ##????????????????????????????????????? | | ###????????????????????????????????????? | | "" ###????????????????????????????????????? | | """ ###????????????????????????????????????? | +----------------------------------------------------+ Best States ------------- Heat Dissipation 25 Energy Generation 10 Energy Capacity 250 Matter Stores 300 Matter Capacity 300 Sight Range 16 Terrain Scan Density 10 Evasion (%) 40 Recoil Reduction 2 Item Schematics ----------------- None Robot Schematics ------------------ None Fabricated ------------ Nothing Alien Tech Used ----------------- None Achievements -------------- Backstab Dynamic Key Challenges ------------ None Game ------ Seed ReactionCoreMegatreads Manual? 0 Play Time 00:21:19 Cumulative 3.1 hours Start 2024.05.28 @ 18:42:01 End 2024.05.28 @ 19:08:00 Sessions 1 Manual Loads 0 Difficulty Rogue Special Mode None Game No. 7 Rogue 7 Adventurer 0 Explorer 0 Win Type - Total 0 Types 0/0/0/0/0/0/0/0/0 Lore% 1 Gallery% 8 Achievement% 6 Wizard Run 0 Options --------- Layout 1 ASCII 0 Keyboard 0 Movement Mouse Keybinds 0 Fullscreen 1 Font 24/Smallcaps Map View 50x35 Zoom Use 0% Tactical HUD 0 Map Filters NONE Filters NONE Steam 1 RUN: b8c0a75c-4df9-4c3a-8e1c-171dfe18102c